 Dungeon Crawl Stone Soup version 0.18-a0-1044-g2bb894f (webtiles) character file.

151 Minkie the Cudgeler (level 5, -1/32 HPs)
             Began as a Gargoyle Warper on Jan 11, 2016.
             Was a Follower of Nemelex Xobeh.
             Killed by divine providence
             ... invoked by an orc priest
              (9 damage)
             ... on level 4 of the Dungeon.
             The game lasted 00:14:48 (3014 turns).

Minkie the Cudgeler (Gargoyle Warper)               Turns: 3014, Time: 00:14:48

Health: -1/32      AC: 15    Str: 15    XL:     5   Next: 33%
Magic:  17/17      EV:  4    Int: 14    God:    Nemelex Xobeh [*.....]
Gold:   122        SH:  0    Dex:  9    Spells: 1 memorised, 7 levels left

rFire  . . .     SeeInvis .     k - +0 flail
rCold  + . .     Gourm    .     h - +0 plate armour
rNeg   + . .     Faith    .     (no shield)
rPois  ∞         Spirit   .     (no helmet)
rElec  +         Dismiss  .     (no cloak)
rCorr  .         Reflect  .     (no gloves)
SustAt .         Harm     .     (no boots)
MR     .....                    (no amulet)
Stlth  ..........               a - ring of magical power
                                g - ring of protection from cold

@: not resistant to hostile enchantments, extremely unstealthy
A: negative energy resistance 1, electricity resistance, unbreathing,
petrification resistance, rot immunity, AC +4
a: Renounce Religion


You were on level 4 of the Dungeon.
You worshipped Nemelex Xobeh.
Nemelex Xobeh was aware of your devotion.
You were not hungry.

You visited 1 branch of the dungeon, and saw 4 of its levels.

You collected 122 gold pieces.

Inventory:

Hand Weapons
 k - a +0 flail (weapon)
Missiles
 e - 5 tomahawks of dispersal (quivered)
 q - 6 tomahawks
Armour
 h - a +0 plate armour (worn)
Jewellery
 a - a ring of magical power (right hand)
 g - a ring of protection from cold (left hand)
 p - an uncursed ring of sustain attributes {unknown}
Scrolls
 d - a scroll of blinking
 i - 5 scrolls of identify
 o - a scroll of teleportation
Potions
 b - a potion of magic
 m - a potion of might {unknown}
 s - a potion of lignification {unknown}
 t - a potion of curing {unknown}
 u - a potion of haste {unknown}
 v - 2 potions of ambrosia {unknown}
Books
 c - a book of Spatial Translocations

   Spells                             Type                      Level
   a - Apportation                    Translocation                1
   b - Blink                          Translocation                2
   c - Shroud of Golubria             Charms/Translocation         2
   d - Portal Projectile              Translocation                3
   e - Teleport Other                 Translocation                3
   f - Passage of Golubria            Translocation                4
Miscellaneous
 n - an ornate deck of war
 r - a plain deck of war
Comestibles
 f - 7 bread rations
 j - a meat ration
 l - a chunk of flesh


   Skills:
 + Level 3.4 Fighting
 * Level 4.0 Maces & Flails
 - Level 0.8 Throwing
 + Level 2.6 Armour
 - Level 1.5 Dodging
 - Level 2.0 Spellcasting
 - Level 2.6 Translocations


You had 7 spell levels left.
You knew the following spells:

 Your Spells              Type           Power        Failure   Level  Hunger
a - Apportation           Tloc           #.........   100%        1    ##.....


Dungeon Overview and Level Annotations

Branches:
Dungeon (4/15)
 Temple: D:4-7

Altars:
Ashenzari
Kikubaaqudgha
Nemelex Xobeh
Ru


Innate Abilities, Weirdness & Mutations

You are resistant to torment.
Your stone body is resilient (AC +4).
You are immune to poison.
You resist negative energy.
You are resistant to electric shocks.
You can survive without breathing.
You are immune to petrification.
You are immune to rotting.


Message History

The worker ant barely misses you.
You hit the worker ant.
The worker ant is moderately wounded.
The worker ant bites you but does no damage. x2
Your plate armour prevents you from hitting the worker ant.
The worker ant is moderately wounded.
The worker ant bites you but does no damage.
The orc priest miscasts a cantrip.
The orc priest calls down the wrath of Beogh upon you.
Something smites you!
You hit the worker ant.
The worker ant is heavily wounded.
The worker ant bites you but does no damage.
The orc priest mumbles some strange prayers to Beogh against you.
Something smites you! The worker ant bites you.
* * * LOW HITPOINT WARNING * * *
The orc priest mumbles some strange prayers to Beogh against you.
Something smites you!
You die...
Your body disappears without a glow.

........#
.......(#
........#
........#
.......o#
##[.#.#o#
#....oo#
##.###a# #.# #@#
#.# #.# #.# #.#
#.# #.#
###.###.#
#.......####
#..........#
#.#####.######.#
#......<# #


You could see a worker ant, 3 orc priests and an orc.

Vanquished Creatures
  4 gnolls
  4 adders
  An ooze (D:1)
  2 worms (D:2)
  A giant gecko (D:3)
  7 orcs
  A giant cockroach (D:1)
  6 goblins
  7 hobgoblins
  A quokka (D:3)
  3 ball pythons
  11 bats
  3 giant newts
  8 kobolds
  10 rats
69 creatures vanquished.

Notes
Turn   | Place    | Note
--------------------------------------------------------------
     0 | D:1      | Minkie the Gargoyle Warper began the quest for the Orb.
     0 | D:1      | Reached XP level 1. HP: 12/12 MP: 3/3
   183 | D:1      | Reached XP level 2. HP: 18/18 MP: 5/5
   565 | D:2      | Reached XP level 3. HP: 9/22 MP: 6/6
   791 | D:1      | Reached skill level 3 in Maces & Flails
   969 | D:2      | Found an ancient bone altar of Kikubaaqudgha.
  1191 | D:2      | Reached XP level 4. HP: 28/28 MP: 7/7
  1425 | D:2      | Found a sacrificial altar of Ru.
  2155 | D:3      | Reached XP level 5. HP: 30/32 MP: 8/8
  2496 | D:3      | Reached skill level 4 in Maces & Flails
  2592 | D:3      | Found a faded altar to an unknown god.
  2863 | D:3      | Found a shattered altar of Ashenzari.
  2969 | D:3      | Became a worshipper of Nemelex Xobeh the Trickster
  2969 | D:3      | Received a gift from Nemelex Xobeh
  2969 | D:3      | Reached * piety under Nemelex Xobeh
  2969 | D:3      | Received a gift from Nemelex Xobeh
  3014 | D:4      | Killed from afar by an orc priest

Vault maps used:
D:1:      scummos_arrival_simple_crosswalls, grunt_decor_one_mirror
D:2:      nicolae_overflow_crystal_walls, nicolae_ru_awakened_eye,
          serial_forest, infiniplex_forest_straight_4, infiniplex_forest_join,
          infiniplex_forest_lined_3, infiniplex_forest_clump_curved,
          infiniplex_forest_corner_2, infiniplex_forest_lined_2,
          infiniplex_forest_lined_3, infiniplex_forest_lined_1,
          minmay_shallow_snake_nest
D:3:      old_standard_altar, ecumenical_altar_2, st_stairs_13, minmay_cupped
D:4:      kennysheep_big_flooded_room, lemuel_round_altar,
          grunt_dithmenos_smoke_and_mirrors, minmay_temple_entry_crystal_x,
          first_bread, uniq_grinder

Action                   |  1- 3 |  4- 6 || total
-------------------------+-------+-------++-------
Melee: Mace              |    16 |       ||    16
       Whip              |    76 |       ||    76
       Flail             |    27 |   232 ||   259
  Use: Scroll            |       |     6 ||     6
  Eat: Chunk             |     1 |     6 ||     7
